 Dungeon Crawl Stone Soup version 0.31-a0-174-g85c54bcb58 (webtiles) character file.

Game seed: 13765482189926354040

91 qw the Shooter (level 4, -1/40 HPs)
             Began as a Naga Hunter on June 15, 2023.
             Slain by a black bear (2 damage)
             ... on level 3 of the Dungeon.
             The game lasted 00:00:40 (1550 turns).

qw the Shooter (Naga Hunter)                        Turns: 1550, Time: 00:00:40

Health: -1/40      AC:  6    Str: 14    XL:     4   Next: 57%
Magic:  4/4        EV:  9    Int:  9    God:
Gold:   92         SH:  0    Dex: 16    Spells: 3/3 levels left

rFire   . . .        Y - +0 shortbow
rCold   . . .        (shield currently unavailable)
rNeg    + . .        c - +0 leather armour
rPois   +            g - +0 helmet
rElec   .            d - +2 cloak
rCorr   .            (no gloves)
SInv    +            (no barding)
Will    .....        (no amulet)
Stlth   ++           f - ring of positive energy
HPRegen 0.26/turn    (no ring)
MPRegen 0.09/turn

%: no passive effects
@: about to teleport, short of breath, very slow
A: AC +1, large, see invisible, deformed body, poison resistance, slowness 2,
spit poison 1, naga tail 1
a: Spit Poison


You were on level 3 of the Dungeon.
You visited 1 branch of the dungeon, and saw 3 of its levels.

You collected 92 gold pieces.


Innate Abilities, Weirdness & Mutations

Your serpentine skin is tough. (AC +1)
You have supernaturally acute eyesight. (SInv)
Armour fits poorly on your strangely shaped body.
Your system is resistant to poisons. (rPois)
You cover ground very slowly.
You can spit poison.
You have a snake-like lower body.


   Skills:
 + Level 2.7 Fighting
 - Level 5.0 Ranged Weapons
 - Level 1.5 Dodging
 - Level 1.5 Stealth


You had 3 spell levels left.
You didn't know any spells.
Your spell library was empty.

Inventory:

Hand Weapons
 Y - a +0 shortbow (weapon)
Armour
 c - a +0 leather armour (worn)
 d - a +2 cloak (worn)
 g - a +0 helmet (worn)
Jewellery
 f - a ring of positive energy (left hand)
Scrolls
 a - a scroll of teleportation
 k - a scroll of identify
Potions
 e - a potion of might
 h - a potion of degeneration {unknown}
 i - a potion of ambrosia {unknown}
 j - a potion of berserk rage {unknown}
 m - a potion of attraction {unknown}
 n - a potion of enlightenment {unknown}

Dungeon Overview and Level Annotations

Branches:
Dungeon (3/15)

Altars:


Message History

The black bear is moderately wounded.
A ball python comes into view.
You shoot an arrow. The arrow hits the black bear.
The black bear is moderately wounded.
You shoot an arrow. The arrow barely misses the black bear.
You shoot an arrow. The arrow hits the ball python.
You kill the ball python!
You shoot an arrow. The arrow hits the black bear.
The black bear is moderately wounded.
You have got your breath back.
The black bear bites you.
The black bear claws you but does no damage. x2
1546 ||| INVOKING Spit Poison.
Aiming: Spit Poison (1% risk of failure)
Press: ? - help, Shift-Dir - straight line, f/p - black bear The splash of poison hits the black bear!
The black bear is severely wounded.
The black bear barely misses you.
The black bear claws you but does no damage.
The black bear claws you.
You shoot an arrow.
The arrow hits the black bear but does no damage.
The black bear is severely wounded.
The black bear barely misses you. The black bear claws you.
The black bear barely misses you. The black bear bites you.
The black bear claws you.
The black bear claws you but does no damage.
You shoot an arrow. The arrow barely misses the black bear.
The black bear goes berserk!
You shoot an arrow. The arrow hits the black bear.
The black bear is severely wounded.
The black bear bites you! The black bear completely misses you.
The black bear claws you but does no damage.
The black bear bites you! The black bear claws you.
The black bear closely misses you.
1550 ||| READING 2 scrolls of teleportation.
As you read the scroll of teleportation, it crumbles to dust.
You feel strangely unstable. The black bear bites you.
The black bear claws you. x2
You die...

#######.#####
............#
#######.###.#
##.# #.# #
##..# #.# ..
#. ###..## #.#
....#.###...##
#.#
.....$h.#.###
#.# #@#.# #.#
#...# #.#
#>### #.# #.#
#.# #.# #.# #.


You could see a black bear (berserk).

Vanquished Creatures
  A gnoll (D:1)
  An adder (D:2)
  2 worms (D:2)
  A dart slug (D:1)
  6 ball pythons
  5 bats
  6 endoplasms
  2 giant cockroaches
  4 hobgoblins
  10 jackals
  3 quokkas
  A frilled lizard (D:3)
  5 goblins
  4 kobolds (D:1)
  6 rats
57 creatures vanquished.

Notes
Turn   | Place    | Note
-------+----------+-------------------------------------------
     0 | D:1      | qw the Naga Hunter began the quest for the Orb.
     0 | D:1      | Reached XP level 1. HP: 19/19 MP: 1/1
     0 | D:1      | 0 ||| qw: Version: 0.2-a-29-g511e9b1
     0 | D:1      | 0 ||| qw: Game counter: 5477
     0 | D:1      | 0 ||| qw: Always use a shield: true
     0 | D:1      | 0 ||| qw: God list: Okawaru
     0 | D:1      | 0 ||| qw: Allow faded altars: false
     0 | D:1      | 0 ||| qw: Do Orc after D:15 true
     0 | D:1      | 0 ||| qw: Do second Lair branch before Depths: true
     0 | D:1      | 0 ||| qw: Lair rune preference: random
     0 | D:1      | 0 ||| qw: Plans: Normal
     0 | D:1      | 0 ||| PLANNING D:1-11
    72 | D:1      | Found a faded altar of an unknown god.
    74 | D:1      | 74 ||| INVOKING Spit Poison.
    82 | D:1      | Reached skill level 4 in Ranged Weapons
    82 | D:1      | Reached XP level 2. HP: 26/26 MP: 2/2
    89 | D:1      | 89 ||| INVOKING Spit Poison.
   134 | D:1      | 134 ||| INVOKING Spit Poison.
   140 | D:1      | 140 ||| INVOKING Spit Poison.
   141 | D:1      | 141 ||| INVOKING Spit Poison.
   146 | D:1      | 146 ||| INVOKING Spit Poison.
   150 | D:1      | 150 ||| INVOKING Spit Poison.
   154 | D:1      | 154 ||| INVOKING Spit Poison.
   155 | D:1      | Reached XP level 3. HP: 28/32 MP: 3/3
   197 | D:1      | 197 ||| INVOKING Spit Poison.
   219 | D:1      | 219 ||| INVOKING Spit Poison.
   225 | D:1      | 225 ||| INVOKING Spit Poison.
   245 | D:1      | 245 ||| INVOKING Spit Poison.
   268 | D:1      | 268 ||| INVOKING Spit Poison.
   276 | D:1      | 276 ||| INVOKING Spit Poison.
   445 | D:1      | 445 ||| INVOKING Spit Poison.
   447 | D:1      | 447 ||| Stepping ~*~*~tactically~*~*~ (outnumbered).
   450 | D:1      | 450 ||| INVOKING Spit Poison.
   471 | D:1      | 471 ||| INVOKING Spit Poison.
   481 | D:1      | 481 ||| UPGRADING to +2 cloak.
   486 | D:1      | 486 ||| DROPPING ring of flight.
   487 | D:1      | 487 ||| READING scroll labelled YTUZXO BADICAAF.
   488 | D:1      | 488 ||| READING scroll labelled XICZIN ILYHI.
   492 | D:1      | 492 ||| READING scroll labelled DOPHAREDOA.
   493 | D:1      | 493 ||| READING 2 scrolls labelled BOVVOU VOKHLAN.
   494 | D:1      | 494 ||| READING scroll labelled AKHLOR FIFIRGHOI.
   595 | D:1      | 595 ||| DRINKING 2 bubbling green potions.
   596 | D:1      | 596 ||| DROPPING scroll of butterflies.
   682 | D:2      | 682 ||| INVOKING Spit Poison.
   683 | D:2      | Reached skill level 5 in Ranged Weapons
   683 | D:2      | Reached XP level 4. HP: 39/39 MP: 4/4
   739 | D:2      | 739 ||| INVOKING Spit Poison.
   752 | D:2      | 752 ||| INVOKING Spit Poison.
   765 | D:2      | 765 ||| INVOKING Spit Poison.
   777 | D:2      | 777 ||| INVOKING Spit Poison.
   778 | D:2      | 778 ||| INVOKING Spit Poison.
   788 | D:2      | 788 ||| INVOKING Spit Poison.
   803 | D:2      | 803 ||| INVOKING Spit Poison.
   809 | D:2      | 809 ||| INVOKING Spit Poison.
   810 | D:2      | 810 ||| INVOKING Spit Poison.
   914 | D:2      | 914 ||| INVOKING Spit Poison.
   921 | D:2      | 921 ||| INVOKING Spit Poison.
   961 | D:2      | 961 ||| INVOKING Spit Poison.
   987 | D:2      | 987 ||| INVOKING Spit Poison.
  1053 | D:2      | 1053 ||| INVOKING Spit Poison.
  1431 | D:2      | 1431 ||| INVOKING Spit Poison.
  1433 | D:2      | 1433 ||| UPGRADING to +0 helmet.
  1438 | D:2      | 1438 ||| UPGRADING to ring of positive energy.
  1439 | D:2      | 1439 ||| READING 2 scrolls of identify.
  1439 | D:2      | 1439 ||| IDENTIFYING smoky coppery potion
  1440 | D:2      | 1440 ||| DROPPING potion of lignification.
  1474 | D:3      | 1474 ||| INVOKING Spit Poison.
  1484 | D:3      | 1484 ||| INVOKING Spit Poison.
  1540 | D:3      | Noticed a black bear
  1541 | D:3      | 1541 ||| INVOKING Spit Poison.
  1546 | D:3      | 1546 ||| INVOKING Spit Poison.
  1549 | D:3      | HP: 9/40 [black bear (7)]
  1550 | D:3      | 1550 ||| READING 2 scrolls of teleportation.
  1550 | D:3      | HP: 4/40 [black bear (4)]
  1550 | D:3      | HP: 1/40 [black bear (3)]
  1550 | D:3      | Slain by a black bear

Levels and vault maps discovered:
D:1:      dpeg_arrival_pits, layout_basic, shapermc_ecumenical_altar_rom_forum,
          minmay_misc_feat_room
D:2:      layout_basic
D:3:      layout_basic, nicolae_concentric_dashed_squares_wild,
          uniq_crazy_yiuf_cottage

Skill      XL: |  1  2  3 |
---------------+----------+-----
Ranged Weapons | 4 5 |  5.0
Fighting       | |  2.7
Dodging        | |  1.5
Stealth        | |  1.5

Action                     |  1- 3 |  4- 6 || total
---------------------------+-------+-------++-------
   Fire: Shortbow          |    58 |    43 ||   101
Ability: Spit Poison       |    17 |    17 ||    34
    Use: Scroll            |     5 |     2 ||     7
         Potion            |     1 |       ||     1
 Armour: Leather armour    |     2 |     9 ||    11
  Dodge: Dodged            |     5 |    10 ||    15

Table legend:
 A = Non-vault XP
 B = Vault XP
 C = Vault XP percentage of total XP
 D = Non-vault monster count
 E = Vault monster count
 F = Vault count percentage of total count
                 A         B        C        D         E       F
            +---------+---------+-------+---------+---------+-------
      Total |     130 |       0 |   0.0 |      57 |       0 |   0.0
            +---------+---------+-------+---------+---------+-------
        D:1 |      73 |       0 |   0.0 |      34 |       0 |   0.0
        D:2 |      51 |       0 |   0.0 |      19 |       0 |   0.0
        D:3 |       6 |       0 |   0.0 |       4 |       0 |   0.0
            +---------+---------+-------+---------+---------+-------
